 Dungeon Crawl Stone Soup version 0.27.0-1-g7a089689b8 (webtiles) character file.

Game seed: 6569148471760258013

7 thirtiethelement the Skirmisher (level 1, -24/18 HPs)
             Began as a Demonspawn Abyssal Knight on Aug 9, 2021.
             Was a Follower of Lugonu.
             Killed from afar by a will-o-the-wisp (32 damage)
             ... with a foxfire
             ... on level 3 of the Abyss.
             The game lasted 00:01:03 (105 turns).

thirtiethelement the Skirmisher (DsAK)               Turns: 105, Time: 00:01:04

Health: -24/18     AC:  3    Str: 12    XL:     1   Next: 91%
Magic:  2/2        EV: 11    Int: 13    God:    Lugonu [*.....]
Gold:   32         SH:  0    Dex: 12    Spells: 0/0 levels left

rFire    . . .     SeeInvis +   a - +1 falchion
rCold    . . .     Faith    .   (no shield)
rNeg     . . .     Spirit   .   b - +0 leather armour
rPois    .         Reflect  .   (no helmet)
rElec    .         Harm     .   (no cloak)
rCorr    .         Rampage  .   (no gloves)
Will     .....                  (no boots)
Stlth    +.........             (no amulet)
HPRegen  0.06/turn              d - ring of see invisible
MPRegen  0.08/turn              (no ring)

@: no status effects
A: no striking features
a: Renounce Religion, Depart the Abyss


You were on level 3 of the Abyss.
You worshipped Lugonu.
Lugonu was aware of your devotion.
You visited 0 branches of the dungeon, and saw 0 of its levels.
You visited the Abyss 1 time.

You collected 32 gold pieces.

Inventory:

Hand Weapons
 a - a +1 falchion (weapon)
 h - a +1 dagger of freezing
Armour
 b - a +0 leather armour (worn)
 g - a +0 buckler
Jewellery
 d - a ring of see invisible (left hand)
Scrolls
 c - a scroll of enchant armour {unknown}
 f - a scroll of teleportation {unknown}
Potions
 e - a potion of cancellation {unknown}


   Skills:
 + Level 3.3 Fighting
 + Level 1.9 Long Blades
 + Level 1.9 Armour
 + Level 0.8 Dodging
 + Level 2.5 Invocations


You couldn't memorise any spells.
You didn't know any spells.
Your spell library was empty.

Dungeon Overview and Level Annotations

Branches:
Dungeon (0/15)

Altars:


Message History

d - a ring of see invisible (left hand)
Found a cloak.
Found 11 stones.
f - a scroll labelled BOINUFAATI You are suddenly pulled into a different region of the Abyss!
Found 32 gold pieces.
Found a gateway leading deeper into the Abyss.
You now have 32 gold pieces.
The shadow imp shouts, "Get thee hence, thou vain motley-minded maggot-pie!"
Found a scale mail.
You closely miss the shadow imp. The shadow imp hits you.
You hit the shadow imp.
The shadow imp is heavily wounded.
The shadow imp hits you.
You barely miss the shadow imp.
The shadow imp is heavily wounded.
The shadow imp hits you but does no damage.
You hit the shadow imp.
The shadow imp is almost dead.
The shadow imp barely misses you.
You closely miss the shadow imp.
The shadow imp is almost dead.
The shadow imp barely misses you. The shadow imp misses you.
You hit the shadow imp.
You kill the shadow imp!
There is a gateway leading deeper into the Abyss here.
You plunge deeper into the Abyss.
The abyssal rune of Zot can be found at this depth.
Found a buckler and a runed dagger.
You see here a +0 buckler.
g - a +0 buckler A will-o-the-wisp comes into view.
The will-o-the-wisp gestures.
The will-o-the-wisp conjures some foxfire! 2 foxfires come into view.
You see here a +1 dagger of freezing.
h - a +1 dagger of freezing The foxfire hits you!!
Ouch! That really hurt!
You die...

. ..... ..........#
#.. .....#........#.
.....#..........#..#.
#................#...
.......#........#...
..................#
...........#....##
.................##
.........#...@....#
..........v......#
...........v......#.#
......§v§§........#
..##..§§#..#....#..
##§#.#..##.....#
#...#### .###.. # .#
#.


You could see a will-o-the-wisp.

Vanquished Creatures
  A shadow imp (Abyss:2)
1 creature vanquished.

Notes
Turn   | Place    | Note
-------+----------+-------------------------------------------
     0 | Abyss:1  | thirtiethelement the Demonspawn Abyssal Knight began the
                  | quest for the Orb.
     0 | Abyss:1  | Reached XP level 1. HP: 18/18 MP: 2/2
    34 | Abyss:1  | Noticed an iron imp
    39 | Abyss:1  | Found a corrupted altar of Lugonu.
    54 | Abyss:1  | Found a corrupted altar of Lugonu.
    71 | Abyss:2  | Noticed a large abomination
   101 | Abyss:3  | Noticed a will-o-the-wisp
   105 | Abyss:3  | Killed from afar by a will-o-the-wisp

Illustrated notes

Levels and vault maps discovered:
Abyss:3:  base:
Temple

Action                   || total
-------------------------++-------
Melee: Falchion          ||     6
Armor: Leather armour    ||     1
Dodge: Dodged            ||     3
